 Dungeon Crawl Stone Soup version 0.23-a0-319-gb40ba49 (webtiles) character file.

411557 Petrovich the Acrobat (level 22, -6/185 HPs)
             Began as a Vampire Gladiator on Oct 13, 2018.
             Was the Champion of Trog.
             Mangled by a cyan very ugly thing (17 damage)
             ... on level 1 of the Depths on Oct 14, 2018.
             The game lasted 05:22:45 (53883 turns).

Petrovich the Acrobat (Vampire Gladiator)          Turns: 53883, Time: 05:22:45

Health: -6/185     AC: 16    Str: 19    XL:     22   Next: 47%
Magic:  9/9        EV: 28    Int: 16    God:    Trog [******]
Gold:   732        SH: 15    Dex: 20    Spells: 21/21 levels left

rFire    . . .     SeeInvis +   V - +9 double sword (antimagic)
rCold    + . .     Gourm    .   t - +0 shield
rNeg     . . .     Faith    .   Z - +3 ring mail {rPois}
rPois    +         Spirit   .   c - +0 helmet {SInv}
rElec    .         Reflect  +   a - scarf {repulsion}
rCorr    .         Harm     .   y - +2 pair of gloves
MR       ++...                  E - +1 pair of boots {Fly}
Stlth    ++++++++..             h - +3 amulet of reflection
HPRegen  0.60/turn              q - +6 ring of protection
MPRegen  0.11/turn              d - ring "Enuw Vio" {rC+ Str+4 Int+2}

@: corroded, regenerating quickly, repel missiles
A: fangs 3, see invisible, unbreathing
}: 2/15 runes: serpentine, barnacled
a: Berserk, Trog's Hand, Brothers in Arms, Renounce Religion, Evoke Flight


You were on level 1 of the Depths.
You worshipped Trog.
Trog was exalted by your worship.
You were full.

You visited 8 branches of the dungeon, and saw 40 of its levels.
You visited 1 bazaar.
You also visited: Labyrinth, Ossuary, Ice Cave and Volcano.

You collected 4729 gold pieces.
You spent 3997 gold pieces at shops.

Inventory:

Hand Weapons
 x - the +8 long sword of Dimuf {slice, rElec rF++}
   (You bought it in a shop on level 3 of the Vaults)

   It inflicts extra damage upon your enemies.
   It greatly protects you from fire.
   It insulates you from electricity.
 V - a +9 antimagic double sword (weapon)
 W - the +4 dagger of the Dove {pain, MR+ SInv}
   (You found it on level 3 of the Elven Halls)

   In the hands of one skilled in necromantic magic, it inflicts extra damage on
   living creatures.
   It affects your resistance to hostile enchantments.
   It lets you see invisible.
Missiles
 Q - 10 throwing nets (quivered)
Armour
 a - a scarf of repulsion (worn)
 c - a +0 helmet of see invisible (worn)
 t - a +0 shield (worn)
 y - a +2 pair of gloves (worn)
 E - a +1 pair of boots of flying (worn)
 Y - a +4 chain mail
 Z - a +3 ring mail of poison resistance (worn)
Jewellery
 d - the ring "Enuw Vio" (right hand) {rC+ Str+4 Int+2}
   (You bought it in a shop on level 14 of the Dungeon)

   [ring of protection from cold]

   It affects your strength (+4).
   It affects your intelligence (+2).
   It protects you from cold.
 h - a +3 amulet of reflection (around neck)
 k - the ring "Xotyroxa" {rF+++ Str+4 Int-5 Dex-4 Stlth+}
   (You found it in a labyrinth)

   [ring of stealth]

   It affects your strength (+4).
   It affects your intelligence (-5).
   It affects your dexterity (-4).
   It renders you almost immune to fire.
   It makes you more stealthy.
 q - a +6 ring of protection (left hand)
Wands
 g - a wand of polymorph (6)
 j - a wand of digging (40)
 r - a wand of scattershot (3)
 G - a wand of iceblast (9)
 J - a wand of enslavement (17)
 L - a wand of clouds (10)
 N - a wand of paralysis (28)
 U - a wand of acid (24)
Scrolls
 b - 7 scrolls of blinking
 i - 7 scrolls of vulnerability {!r}
 o - a scroll of summoning
 s - 3 scrolls of silence {!r}
 B - 9 scrolls of immolation {!r}
 F - 5 scrolls of fear
 M - 7 scrolls of magic mapping
 O - 11 scrolls of fog
 R - 11 scrolls of remove curse
 T - 12 scrolls of teleportation
Potions
 e - 60 potions of blood
 f - 2 potions of heal wounds
 m - 5 potions of magic
 p - a potion of ambrosia
 u - 4 potions of flight
 v - 4 potions of cancellation
 w - 3 potions of lignification {!q}
 A - 2 potions of haste
 C - 10 potions of curing
 D - 3 potions of agility
 H - 4 potions of mutation {!q}
 I - 8 potions of brilliance
 K - 6 potions of invisibility
 X - 3 potions of resistance
Miscellaneous
 l - a phial of floods
 n - a lamp of fire
 z - a sack of spiders
 P - 2 boxes of beasts
 S - a lightning rod (4/4)


   Skills:
 + Level 18.4 Fighting
 - Level 16.0 Long Blades
 - Level 1.5 Throwing
 + Level 11.7 Armour
 * Level 22.8 Dodging
 + Level 21.6 Stealth
 - Level 9.0 Shields
 - Level 7.0 Evocations


You had 21 spell levels left.
You didn't know any spells.
Your spell library contained the following spells:

 Spells                   Type           Power        Failure   Level  Hunger
 Apportation              Tloc           #.....       63%         1    ##.....
 Flame Tongue             Conj/Fire      #....        63%         1    ##.....
 Freeze                   Ice            #...         63%         1    ##.....
 Infusion                 Chrm           #...         63%         1    ##.....
 Magic Dart               Conj           #...         63%         1    ##.....
 Sandblast                Erth           #.....       63%         1    ##.....
 Summon Butterflies       Summ           #.......     63%         1    ##.....
 Blink                    Tloc           N/A          77%         2    ###....
 Call Imp                 Summ           #.......     77%         2    ###....
 Ensorcelled Hibernation  Hex/Ice        #.....       77%         2    ###....
 Passwall                 Tmut/Erth      #.......     77%         2    ###....
 Searing Ray              Conj           #.....       77%         2    ###....
 Shroud of Golubria       Chrm/Tloc      #.........   77%         2    ###....
 Slow                     Hex            #.......     77%         2    ###....
 Song of Slaying          Chrm           #.......     77%         2    ###....
 Throw Flame              Conj/Fire      #.....       77%         2    ###....
 Throw Frost              Conj/Ice       #.....       77%         2    ###....
 Call Canine Familiar     Summ           #.......     94%         3    ####...
 Conjure Flame            Conj/Fire      #.......     94%         3    ####...
 Dazzling Spray           Conj/Hex       #.....       94%         3    ####...
 Gell's Gravitas          Tloc           #.........   94%         3    ####...
 Inner Flame              Hex/Fire       #.......     94%         3    ####...
 Lesser Beckoning         Tloc           #.........   94%         3    ####...
 Mephitic Cloud           Conj/Pois/Air  #.......     94%         3    ####...
 Ozocubu's Armour         Chrm/Ice       #.......     94%         3    ####...
 Portal Projectile        Hex/Tloc       #.....       94%         3    ####...
 Regeneration             Chrm/Necr      #.........   94%         3    ####...
 Spectral Weapon          Hex/Chrm       #.......     94%         3    ####...
 Stone Arrow              Conj/Erth      #.....       94%         3    ####...
 Tukima's Dance           Hex            #.......     94%         3    ####...
 Force Lance              Conj/Tloc      #.......     100%        4    #####..
 Fulminant Prism          Conj/Hex       #.........   100%        4    #####..
 Iskenderun's Mystic Bla  Conj           #.......     100%        4    #####..
 Leda's Liquefaction      Hex/Erth       #.........   100%        4    #####..
 Petrify                  Tmut/Erth      #.......     100%        4    #####..
 Sticky Flame             Conj/Fire      #.......     100%        4    #####..
 Summon Ice Beast         Ice/Summ       #.......     100%        4    #####..
 Throw Icicle             Conj/Ice       #.......     100%        4    #####..
 Alistair's Intoxication  Tmut/Pois      #.......     100%        5    ######.
 Bolt of Magma            Conj/Fire/Erth #.........   100%        5    ######.
 Borgnjor's Vile Clutch   Necr/Erth      #.........   100%        5    ######.
 Fireball                 Conj/Fire      #.........   100%        5    ######.
 Irradiate                Conj/Tmut      #.........   100%        5    ######.
 Iskenderun's Battlesphe  Conj/Chrm      #.......     100%        5    ######.
 Lee's Rapid Deconstruct  Erth           #.........   100%        5    ######.
 Metabolic Englaciation   Hex/Ice        #.........   100%        5    ######.
 Silence                  Hex/Air        #.........   100%        5    ######.
 Summon Mana Viper        Hex/Summ       #.......     100%        5    ######.
 Venom Bolt               Conj/Pois      #.........   100%        5    ######.
 Darkness                 Hex            #.........   100%        6    #######
 Dispersal                Tloc           #.........   100%        6    #######
 Hydra Form               Tmut           #.........   100%        6    #######
 Invisibility             Hex            #.......     100%        6    #######
 Iron Shot                Conj/Erth      #.........   100%        6    #######
 Shadow Creatures         Summ           N/A          100%        6    #######
 Statue Form              Tmut/Erth      #........    100%        6    #######
 Dragon Form              Tmut           #.........   100%        7    #######
 Orb of Destruction       Conj           #.........   100%        7    #######
 Spellforged Servitor     Conj/Summ      #.........   100%        7    #######
 Summon Hydra             Summ           #.........   100%        7    #######
 Controlled Blink         Tloc           N/A          100%        8    #######
 Disjunction              Tloc           #.........   100%        8    #######
 Shatter                  Erth           #.........   100%        9    #######


Dungeon Overview and Level Annotations

Branches:
Dungeon (15/15)            Temple (0/1) D:7            Lair (6/6) D:11
 Shoals (4/4) Lair:2        Snake (4/4) Lair:4        Slime (0/5) Lair:5
    Orc (2/2) D:10            Elf (3/3) Orc:2        Vaults (4/5) D:13
  Crypt (0/3) Vaults:3     Depths (2/5) D:15

Altars:
Cheibriados
Dithmenos
Elyvilon
Fedhas
Gozag
Hepliaklqana
Okawaru
Trog
Vehumet
Yredelemnul
Beogh

Shops:
D:10 ([   D:14 =   Orc:2 ([=*   Elf:2 }   Elf:3 [   Shoals:2 [   Snake:4 }[*
Vaults:1 *   Vaults:3 (   Vaults:4 ?   Depths:1 **}[

Portals:
Hell: Depths:1

Annotations:
D:2 1 runed door
Lair:5 exclusion: 2 oklob plants
Lair:6 exclusion: 2 oklob plants
Vaults:3 exclusion: downstairs
Vaults:4 Mennas


Innate Abilities, Weirdness & Mutations

Your natural rate of healing is unusually fast.
You have razor-sharp teeth.
You have supernaturally acute eyesight. (SInv)
You can survive without breathing.


Message History

The cyan very ugly thing shocks you!!
* * * LOW HITPOINT WARNING * * *
You slash the deep troll earth mage!
You kill the deep troll earth mage!
Trog accepts your kill.
Trog appreciates your killing of a magic user.
The cyan very ugly thing gores you but does no damage.
The cyan very ugly thing tail-slaps you!
* * * LOW HITPOINT WARNING * * *
The cyan very ugly thing shocks you!!
* * * LOW HITPOINT WARNING * * *
The brown very ugly thing basks in the mutagenic energy from its kin and You see here a deep troll corpse.
Okay, then.
Unknown command.
Unknown command.
Your cyclops goes berserk!
You feel quite a bit less full.
The cyan very ugly thing tail-slaps you!
You die...

♣ ♣ ♣♣ ≈♣ ≈♣♣ ≈≈♣#######
PP♣#.....#
≈≈#..###.###########
≈≈..........[..C@uu######
≈≈........##.#.###[[...[#####
P≈..#####.##.#.###u.###.....##
≈≈#.#...#.##.#.##...##..###..#
.≈#.#.###)##....#.####''####.#
..........####....#..(.....#.#
......##### #....##........#.#
.......## #.##..#..8##...#.#
.....#..#####.###.+..#..#..+.#


You could see 2 very ugly things and a friendly cyclops (berserk).

Vanquished Creatures
  Saint Roka (Snake:1)
  Vashnia (Snake:4)
  Nikola (Snake:2)
  A titan (Vaults:4)
  A deep elf blademaster (Elf:3)
  A lich (Vaults:3)
  A sphinx (Vaults:3)
  The ghost of soark the Severer, an adept DsBe of Trog (Shoals:3)
  An ancient champion (Vaults:3)
  Agnes (Elf:2)
  Kirke (Shoals:1)
  Roxanne (Elf:2)
  7 nagarajas
  4 deep elf sorcerers (Elf:3)
  2 frost giants
  6 vault wardens
  A ghoul (Vaults:1)
  3 orc warlords
  8 deep elf elementalists (Elf:3)
  8 very ugly things
  9 ironheart preservers
  17 stone giants
  A vampire knight (Depths:2)
  5 deep elf demonologists
  9 deep elf annihilators
  A minotaur (Lab)
  A red draconian (Volcano)
  6 ettins
  4 deep elf high priests (Elf:3)
  5 merfolk javelineers
  Snorg (Lair:5)
  8 deep elf death magi
  6 yaktaur captains
  A fire dragon (shapeshifter) (Vaults:1)
  3 great orbs of eyes
  5 fire dragons
  4 merfolk impalers
  4 vault guards (D:13)
  4 ice dragons
  3 rakshasas
  8 hydras
  10 naga warriors
  Fannar (D:11)
  An anaconda (shapeshifter) (Depths:1)
  5 death knights
  16 anacondas
  9 centaur warriors
  Erica (D:10)
  4 merfolk avatars
  23 dancing weapons
  2 alligator snapping turtles
  A merfolk aquamancer (Shoals:4)
  4 satyrs
  15 ogre magi
  44 two-headed ogres
  4 death yaks (Lair:6)
  3 deep troll shamans (Depths:1)
  7 tengu warriors
  9 deep troll earth magi
  A two-headed ogre (shapeshifter) (Depths:2)
  2 orc high priests
  A spriggan berserker (Elf:3)
  2 vampire magi
  16 naga sharpshooters
  3 shock serpents
  A large abomination (Elf:3)
  22 deep elf knights
  5 hell knights (Depths:1)
  2 shadow wraiths
  4 iron trolls
  3 skeletal warriors
  15 sea snakes
  12 deep trolls
  An unseen horror (shapeshifter) (Vaults:2)
  2 salamander mystics
  2 flayed ghosts (Vaults:4)
  3 unseen horrors
  7 naga ritualists
  10 orc knights
  A glowing orange brain (shapeshifter) (Depths:2)
  2 wizards
  3 lindwurms
  5 necromancers
  A shadow dragon zombie (Vaults:4)
  17 deep elf archers
  4 phantasmal warriors
  7 ironbrand convokers
  13 fauns
  16 harpies
  5 mana vipers
  A faun (shapeshifter) (Depths:2)
  3 orc sorcerers
  48 deep elf magi
  A shining eye (shapeshifter) (Vaults:4)
  18 ugly things
  15 salamanders
  A salamander (shapeshifter) (Vaults:2)
  10 manticores
  6 cyclopes
  8 wolf spiders
  4 ice statues
  2 water nymphs
  10 merfolk sirens
  9 guardian serpents
  8 elephants
  A vault sentinel (Vaults:2)
  30 black mambas
  2 black mambas (shapeshifter)
  12 naga magi
  A molten gargoyle (Volcano)
  22 spiny frogs
  A gargoyle (Volcano)
  A rime drake (Lair:2)
  A komodo dragon (shapeshifter) (Vaults:1)
  A kobold demonologist (D:13)
  5 freezing wraiths
  2 efreet
  14 yaktaurs
  3 yaktaur skeletons
  9 komodo dragons
  6 ice devils
  A tengu conjurer (Depths:1)
  8 trolls
  A yaktaur (shapeshifter) (Vaults:3)
  26 merfolk
  A meliai (shapeshifter) (Vaults:2)
  A hornet (shapeshifter) (Depths:1)
  2 queen bees (shapeshifter)
  5 tyrant leeches (Lair:6)
  8 polar bears
  A wolf spider simulacrum (D:10)
  2 wind drakes
  8 hornets
  23 blink frogs
  A hippogriff (shapeshifter) (Vaults:4)
  11 dream sheep
  15 hippogriffs
  8 slime creatures
  15 snapping turtles
  3 redbacks
  A shadow (D:14)
  6 air elementals
  A spriggan zombie (Depths:1)
  13 water elementals
  A deep troll skeleton (Depths:1)
  3 wraiths
  3 wyverns
  A fire elemental (Elf:3)
  A fire bat (Volcano)
  55 yaks
  A basilisk (Lair:4)
  A hog (Shoals:1)
  A basilisk (shapeshifter) (Vaults:1)
  2 hungry ghosts
  8 vampire mosquitoes
  An elf zombie (Vaults:1)
  2 soldier ants
  2 acid dragons
  An ogre skeleton (Vaults:1)
  10 wargs
  41 nagas
  Duvessa (D:7)
  5 porcupines
  9 water moccasins
  7 ice beasts
  A floating eye (Snake:2)
  46 orc warriors
  2 swamp drakes
  A deep troll simulacrum (Depths:1)
  2 necrophages
  3 sky beasts
  10 wolves (Lair:3)
  3 phantoms
  33 ogres
  A human skeleton (Vaults:1)
  14 boggarts
  19 centaurs
  An elf skeleton (Vaults:4)
  6 crocodiles
  2 big kobolds
  27 bullfrogs
  2 wyvern zombies (Ossuary)
  Dowan (D:7)
  4 earth elementals
  2 scorpions
  12 wights
  13 killer bees
  3 howler monkeys
  An electric eel (Lair:6)
  4 bullfrog zombies
  6 centaur zombies
  11 crimson imps
  A jelly (D:10)
  2 draconian simulacra (IceCv)
  4 lava snakes (Volcano)
  9 hounds
  26 orc priests
  6 centaur skeletons
  6 bullfrog skeletons
  14 mummies (Ossuary)
  4 iguanas
  Terence (D:2)
  Natasha (thrice) (D:2 D:3)
  34 orc wizards
  3 troll simulacra (IceCv)
  13 worker ants
  A spriggan simulacrum (IceCv)
  A killer bee zombie (Ossuary)
  2 centaur simulacra (IceCv)
  2 hound zombies (Ossuary)
  A hound skeleton (D:10)
  5 worker ant zombies
  4 gnolls (D:3)
  11 adders
  A naga simulacrum (IceCv)
  An ogre simulacrum (IceCv)
  3 shadow imps
  14 white imps
  An adder skeleton (D:4)
  3 adder zombies (Ossuary)
  2 worms
  3 dart slugs
  4 leopard geckos
  97 orcs
  5 giant cockroaches
  8 hobgoblins
  6 jackals
  16 kobolds
  4 quokkas
  2 bats (D:1)
  3 frilled lizards
  2 giant cockroach zombies (Ossuary)
  2 goblins (D:1)
  A goblin skeleton (D:2)
  A leopard gecko skeleton (D:9)
  2 quokka zombies
  6 rats
  A crawling corpse (Elf:3)
  2 fungi
  6 plants
1654 creatures vanquished.

Vanquished Creatures (collateral kills)
  Margery (Vaults:3)
  The ghost of Houbiruy the Spry, an adept SpEn of Kikubaaqudgha (Elf:1)
  2 deep elf master archers (Elf:3)
  A sphinx (Vaults:3)
  3 nagarajas (Snake:4)
  A fire giant (Elf:1)
  A deep elf elementalist (Elf:3)
  A stone giant (Vaults:3)
  A deep elf death mage (Elf:3)
  A deep elf high priest (Elf:3)
  2 merfolk impalers (Shoals:4)
  A yaktaur captain (Vaults:3)
  2 hydras
  6 naga warriors
  Harold (Lair:2)
  4 anacondas (Snake:4)
  3 merfolk aquamancers (Shoals:4)
  A satyr (Shoals:4)
  5 dancing weapons
  A deep troll shaman (Depths:2)
  Urug (Lair:5)
  5 spriggan berserkers (Elf:3)
  4 naga sharpshooters
  3 deep elf knights (Elf:2)
  An iron troll (Depths:2)
  4 hell knights
  2 naga ritualists
  A deep troll (Vaults:3)
  A flayed ghost (Vaults:3)
  A phantasmal warrior (D:13)
  An ironbrand convoker (Vaults:3)
  A harpy (Shoals:3)
  A necromancer (Vaults:3)
  3 deep elf magi
  An ugly thing (D:13)
  2 mana vipers (Snake:1)
  A faun (Shoals:3)
  A wolf spider (D:15)
  A manticore (Shoals:4)
  5 guardian serpents
  A naga mage (Snake:4)
  A black mamba (Snake:1)
  A water nymph (Shoals:4)
  A centaur skeleton (D:15)
  A yaktaur (Depths:2)
  A harpy zombie (D:15)
  3 merfolk
  2 trolls
  2 small abominations (Elf:3)
  3 snapping turtles
  5 dream sheep (Lair:5)
  A fire elemental (Elf:2)
  A shadow (D:13)
  A water elemental (Shoals:3)
  A yak (Lair:6)
  7 nagas
  An orc warrior (Elf:2)
  An eye of draining (D:13)
  An electric eel (Lair:2)
  An orc wizard (Elf:2)
  An orc (Elf:2)
  A crawling corpse (Elf:3)
117 creatures vanquished.

Vanquished Creatures (others)
  A minotaur (Elf:1)
  A death yak (Lair:6)
  A shock serpent (Snake:3)
  A naga ritualist (Snake:2)
  A deep elf mage (Elf:1)
  A faun (Shoals:2)
  A naga mage (Snake:4)
  3 yaktaurs
  An air elemental (Elf:3)
  3 humans (Shoals:1)
  4 nagas
  An ogre (Depths:1)
  2 centaurs (Vaults:2)
  40 fungi
  83 plants
  A withered plant (Ossuary)
145 creatures vanquished.

Grand Total: 1916 creatures vanquished

Notes
Turn   | Place    | Note
-------+----------+-------------------------------------------
     0 | D:1      | Petrovich the Vampire Gladiator began the quest for the
                  | Orb.
     0 | D:1      | Reached XP level 1. HP: 16/16 MP: 1/1
   197 | D:1      | Reached XP level 2. HP: 22/22 MP: 2/2
   997 | D:2      | Found a runed door.
   997 | D:2      | Noticed a human
  1006 | D:2      | Found a basalt altar of Yredelemnul.
  1025 | D:2      | Noticed Terence
  1080 | D:3      | Reached XP level 3. HP: 23/27 MP: 3/3
  1203 | D:2      | Noticed Natasha
  1213 | D:2      | Killed Natasha
  1597 | D:3      | Noticed Natasha
  1610 | D:3      | Killed Natasha
  1610 | D:3      | Reached XP level 4. HP: 22/34 MP: 4/4
  1837 | D:3      | Noticed a centaur
  2001 | D:3      | Reached skill level 5 in Long Blades
  2001 | D:3      | Reached XP level 5. HP: 22/41 MP: 5/5
  2165 | D:3      | Killed a centaur
  2394 | D:3      | Reached XP level 6. HP: 47/47 MP: 6/6
  2460 | D:3      | Noticed Natasha
  2472 | D:3      | Killed Natasha
  2721 | D:2      | Killed Terence
  3122 | D:4      | Reached XP level 7. HP: 48/54 MP: 7/7
  3592 | D:5      | Entered Level 5 of the Dungeon
  3815 | D:5      | Reached skill level 5 in Fighting
  4381 | D:6      | Reached XP level 8. HP: 62/62 MP: 8/8
  4657 | D:6      | Found a sand-covered staircase.
  4668 | Ossuary  | Entered an ossuary
  5340 | Ossuary  | Reached skill level 10 in Long Blades
  5589 | D:6      | Reached XP level 9. HP: 71/71 MP: 9/9
  5668 | D:6      | Found a bloodstained altar of Trog.
  5875 | D:6      | Became a worshipper of Trog the Wrathful
  6308 | D:6      | Found a snail-covered altar of Cheibriados.
  6610 | D:7      | Found a bloodstained altar of Trog.
  6636 | D:7      | Found an opulent altar of Gozag.
  6844 | D:7      | Found a staircase to the Ecumenical Temple.
  7016 | D:7      | Reached * piety under Trog
  7257 | D:7      | Noticed Dowan
  7257 | D:7      | Noticed Duvessa
  7289 | D:7      | Killed Duvessa
  7425 | D:7      | Killed Dowan
  7443 | D:8      | Found a blossoming altar of Fedhas.
  7603 | D:8      | Reached XP level 10. HP: 60/80 MP: 10/10
  7862 | D:8      | Reached ** piety under Trog
  8246 | D:9      | Noticed a two-headed ogre
  8803 | D:9      | Killed a two-headed ogre
  9173 | D:9      | Noticed a two-headed ogre
  9177 | D:9      | Killed a two-headed ogre
  9377 | D:10     | Entered Level 10 of the Dungeon
  9404 | D:10     | Noticed Erica
  9417 | D:10     | Killed Erica
  9417 | D:10     | Reached XP level 11. HP: 89/89 MP: 11/11
  9669 | D:10     | Reached *** piety under Trog
  9721 | D:10     | Noticed a two-headed ogre
  9721 | D:10     | Noticed a two-headed ogre
  9863 | D:10     | Killed a two-headed ogre
  9915 | D:10     | Killed a two-headed ogre
  9915 | D:10     | Reached skill level 10 in Fighting
 10173 | D:10     | Found Kotsomod's Armour Emporium.
 10174 | D:10     | Found a staircase to the Orcish Mines.
 10174 | D:10     | Noticed a two-headed ogre
 10175 | D:10     | Found Qeredghor's Weapon Emporium.
 10194 | D:10     | Killed a two-headed ogre
 10194 | D:10     | Reached skill level 1 in Armour
 10233 | D:10     | Reached skill level 4 in Dodging
 10651 | D:11     | Found a white marble altar of Elyvilon.
 10840 | D:11     | Noticed a two-headed ogre
 10869 | D:11     | Noticed Fannar
 11031 | D:11     | Reached skill level 5 in Dodging
 11084 | D:11     | Found a staircase to the Lair.
 11144 | D:11     | Reached **** piety under Trog
 11155 | D:11     | Received a gift from Trog
 11199 | D:11     | Killed a two-headed ogre
 11318 | D:11     | Reached skill level 6 in Dodging
 11319 | D:11     | Reached XP level 12. HP: 46/100 MP: 12/12
 11527 | D:11     | Killed Fannar
 11752 | D:12     | Found a labyrinth entrance.
 11790 | Lab      | Entered a labyrinth
 11850 | Lab      | Reached skill level 7 in Dodging
 11916 | Lab      | Noticed a minotaur
 11940 | Lab      | Killed a minotaur
 11956 | Lab      | Got a steaming gossamer ring
 12005 | Lab      | Identified the ring "Xotyroxa" {rF+++ Str+4 Int-5 Dex-4
                  | Stlth+} (You found it in a labyrinth)
 12418 | D:12     | Reached skill level 5 in Armour
 12463 | D:12     | Noticed an eight-headed hydra
 12471 | D:12     | Killed a four-headed hydra
 12662 | D:13     | Noticed a four-headed hydra
 12670 | D:13     | Killed a one-headed hydra
 12670 | D:13     | Reached ***** piety under Trog
 12707 | D:13     | Reached skill level 8 in Dodging
 12750 | D:13     | Found a gate to the Vaults.
 12750 | D:13     | Noticed a vault guard
 12750 | D:13     | Noticed a vault guard
 12750 | D:13     | Noticed a vault guard
 12750 | D:13     | Noticed a vault guard
 12843 | D:13     | Got a clouded golden ring
 12845 | D:13     | Identified the ring "Joeq" {rC+ Int+4 Dex+3 SInv} (You
                  | found it on level 13 of the Dungeon)
 12941 | D:13     | Noticed a death knight
 12994 | D:12     | Killed a death knight
 13224 | D:13     | Noticed a death knight
 13347 | D:13     | Noticed a centaur warrior
 13356 | D:13     | Killed a centaur warrior
 13356 | D:13     | Reached XP level 13. HP: 98/108 MP: 13/13
 13509 | D:13     | Reached skill level 9 in Dodging
 13812 | D:13     | Reached skill level 1 in Shields
 14352 | Lair:1   | Entered Level 1 of the Lair of Beasts
 14652 | Lair:1   | Reached skill level 1 in Stealth
 14657 | Lair:1   | Received a gift from Trog
 14895 | Lair:1   | Found a hazy altar of Hepliaklqana.
 15019 | Lair:2   | Noticed Harold
 15027 | Lair:2   | Killed Harold
 15237 | Lair:2   | Found a staircase to the Shoals.
 15511 | Lair:2   | Reached skill level 15 in Long Blades
 15516 | Lair:2   | Reached skill level 10 in Dodging
 16082 | Lair:3   | Reached skill level 5 in Stealth
 16082 | Lair:3   | Reached XP level 14. HP: 109/116 MP: 14/14
 16537 | Lair:4   | Found a shadowy altar of Dithmenos.
 16837 | Lair:4   | Found a staircase to the Snake Pit.
 17018 | Lair:4   | Received a gift from Trog
 17431 | Lair:5   | Got a steaming ring mail
 17458 | Lair:5   | Found a staircase to the Slime Pits.
 17484 | Lair:5   | Noticed Snorg
 17499 | Lair:5   | Killed Snorg
 17532 | Lair:5   | Noticed Urug
 17537 | Lair:5   | Killed Urug
 17556 | Lair:5   | Reached skill level 11 in Dodging
 18120 | Lair:6   | Entered Level 6 of the Lair of Beasts
 18486 | Lair:6   | Received a gift from Trog
 18619 | Lair:6   | Reached skill level 12 in Dodging
 18621 | Lair:6   | Received a gift from Trog
 18907 | Lair:6   | Reached XP level 15. HP: 109/125 MP: 15/15
 18965 | Lair:6   | Identified the +3 ring mail of Weightlessness {rF+ Int+2}
                  | (You found it on level 5 of the Lair of Beasts)
 19690 | D:14     | Received a gift from Trog
 19691 | D:14     | Found the +7 great mace "Undeadhunter" {disrupt, rN+}
 19796 | D:14     | Found Heum's Jewellery Emporium.
 19801 | D:14     | Found a radiant altar of Vehumet.
 20754 | D:15     | Entered Level 15 of the Dungeon
 22151 | Shoals:1 | Entered Level 1 of the Shoals
 22151 | Shoals:1 | Noticed Kirke
 22580 | Shoals:1 | Reached skill level 10 in Stealth
 22585 | Shoals:1 | Reached skill level 13 in Dodging
 22808 | Shoals:1 | Killed Kirke
 23070 | D:15     | Found a staircase to the Depths.
 23530 | Orc:1    | Entered Level 1 of the Orcish Mines
 23606 | Orc:1    | Found a frozen archway.
 23638 | IceCv    | Entered an ice cave
 24155 | Orc:1    | Found a dark tunnel.
 24174 | Volcano  | Entered a volcano
 24349 | Volcano  | Found a bloodstained altar of Trog.
 24685 | Orc:2    | Entered Level 2 of the Orcish Mines
 24787 | Orc:2    | Found a staircase to the Elven Halls.
 25031 | Orc:2    | Reached XP level 16. HP: 134/134 MP: 16/16
 25724 | Orc:2    | Reached skill level 14 in Dodging
 25911 | Orc:2    | Reached skill level 15 in Fighting
 25955 | Orc:2    | Received a gift from Trog
 25982 | Orc:2    | Found a roughly hewn altar of Beogh.
 26002 | Orc:2    | Found Norgh's Jewellery Emporium.
 26135 | Orc:2    | Found Mubbetol's Antique Weapon Emporium.
 26193 | Orc:2    | Found Meinal's General Store.
 26200 | Orc:2    | Bought a scroll of teleportation for 45 gold pieces
 26200 | Orc:2    | Bought a scroll of identify for 30 gold pieces
 26200 | Orc:2    | Bought 3 scrolls of teleportation for 135 gold pieces
 26200 | Orc:2    | Bought a potion of curing for 45 gold pieces
 26210 | Orc:2    | Found Ohoclang's Antique Armour Emporium.
 26217 | Orc:2    | Petrovich: чет тебя мобы сильные прибили
 26217 | Orc:2    | Petrovich: как в V:5
 26217 | Orc:2    | TheNamelessOne: Невезучий перс был
 26217 | Orc:2    | Petrovich: FS тоже не было?
 26217 | Orc:2    | TheNamelessOne: Пофиг. Девяток не было
 26323 | Lair:1   | TheNamelessOne: И мутации так себе
 26323 | Lair:1   | TheNamelessOne: Я эту комбу для зигскама оставлял, так что
                  | даже хорошо что умер
 26325 | Lair:1   | TheNamelessOne: Может чего толковее в след. игру получится
 26411 | Snake:1  | Entered Level 1 of the Snake Pit
 26601 | Snake:1  | Petrovich: я тут к staff of summoning прилип
 26601 | Snake:1  | Petrovich: мышью летал пока remove curse не нашел
 26794 | Snake:1  | TheNamelessOne: а надел зачем
 26796 | Snake:1  | Petrovich: думал remove curse были
 26796 | Snake:1  | Petrovich: их обычно дофига
 26952 | Snake:1  | TheNamelessOne: ну в смысле ты же с трогом
 26957 | Snake:1  | TheNamelessOne: нафига оно тебе
 26957 | Snake:1  | Petrovich: air искал
 26957 | Snake:1  | Petrovich: и energy
 27024 | Snake:1  | Petrovich: energy для extended
 27442 | Snake:2  | Noticed Saint Roka
 27470 | Snake:1  | Killed Saint Roka
 27592 | Snake:2  | Noticed Nikola
 28405 | Snake:2  | Killed Nikola
 28405 | Snake:2  | Reached skill level 15 in Dodging
 28544 | Snake:2  | Received a gift from Trog
 29619 | Snake:3  | Reached skill level 1 in Evocations
 29627 | Snake:3  | Reached XP level 17. HP: 144/144 MP: 17/17
 30009 | Snake:3  | Reached ****** piety under Trog
 30272 | Snake:4  | Entered Level 4 of the Snake Pit
 30272 | Snake:4  | Found Noadei's General Store.
 30311 | Snake:4  | Bought a scroll of enchant armour for 135 gold pieces
 30311 | Snake:4  | Bought a scroll of teleportation for 54 gold pieces
 30718 | Snake:4  | Noticed Vashnia
 31315 | Snake:4  | Received a gift from Trog
 31332 | Snake:4  | Found Laxzel's Armour Shoppe.
 31931 | Snake:4  | Killed Vashnia
 31931 | Snake:4  | Reached skill level 16 in Dodging
 32157 | Snake:4  | Found Oniotom's Gadget Shop.
 32164 | Snake:4  | Bought a wand of clouds (5) for 378 gold pieces
 33059 | Snake:4  | Got a serpentine rune of Zot
 33144 | Snake:4  | Received a gift from Trog
 33907 | Shoals:1 | Reached XP level 18. HP: 68/153 MP: 7/21
 34135 | Shoals:1 | Identified a scroll of acquirement
 34298 | Shoals:2 | Found Nufoicw's Antique Armour Shop.
 34613 | Shoals:2 | Reached skill level 15 in Stealth
 34724 | Shoals:2 | Reached skill level 17 in Dodging
 34791 | Shoals:2 | Received a gift from Trog
 34874 | Shoals:3 | Reached skill level 5 in Evocations
 34939 | Shoals:3 | Found a transporter.
 34941 | Shoals:3 | Noticed soark's ghost (adept DsBe)
 35035 | Shoals:3 | Found a transporter.
 35509 | Shoals:4 | Entered Level 4 of the Shoals
 35732 | Shoals:4 | Reached skill level 5 in Shields
 36217 | Shoals:4 | Received a gift from Trog
 36245 | Shoals:4 | Got a barnacled rune of Zot
 36386 | Shoals:4 | Identified Puffad's Catalogue of Burning Cold
 36768 | Shoals:3 | Killed soark's ghost
 37876 | Elf:1    | Entered Level 1 of the Elven Halls
 37951 | Elf:1    | You fall through a shaft!
 37953 | Elf:2    | Noticed Roxanne
 37965 | Elf:2    | Found a runed gate.
 37965 | Elf:2    | Found a runed gate.
 37965 | Elf:2    | Found a runed gate.
 38138 | Elf:2    | Reached skill level 18 in Dodging
 38355 | Elf:2    | Received a gift from Trog
 38509 | Elf:1    | Found a runed gate.
 38509 | Elf:1    | Found a runed gate.
 38509 | Elf:1    | Found a runed gate.
 38510 | Elf:1    | Noticed Houbiruy's ghost (adept SpEn)
 38513 | Elf:1    | Found the ring of the Mage {Wiz MR++ Int+3}
 38513 | Elf:1    | Found an iron altar of Okawaru.
 38564 | Elf:1    | Found a flickering gateway to a bazaar.
 38602 | Bazaar   | Entered a bazaar
 38616 | Bazaar   | Found Ranuumapa's Assorted Antiques.
 38631 | Bazaar   | Found Ukkaat's Jewellery Emporium.
 38631 | Bazaar   | Found Koiffub's Armour Shoppe.
 38665 | Bazaar   | Found Uwkifyd's Gadget Shoppe.
 38924 | Elf:1    | Reached XP level 19. HP: 142/161 MP: 8/24
 39676 | Elf:1    | Killed Houbiruy's ghost
 39883 | Elf:1    | Identified the cursed +2 bardiche "Riubuwk" {flame, +Inv
                  | rC+ Str+2} (You found it on level 1 of the Elven Halls)
 39964 | Elf:2    | Found Efued's Gadget Emporium.
 39975 | Elf:2    | Bought a wand of clouds (7) for 594 gold pieces
 40409 | Elf:2    | Noticed Agnes
 40436 | Elf:2    | Killed Agnes
 40795 | Elf:2    | Received a gift from Trog
 40795 | Elf:2    | Reached skill level 19 in Dodging
 40906 | Elf:3    | Entered Level 3 of the Elven Halls
 41217 | Elf:3    | Found Emygix's Armour Boutique.
 41235 | Elf:3    | Bought a +1 pair of boots of flying for 198 gold pieces
 41756 | Elf:3    | Found a bloodstained altar of Trog.
 42408 | Elf:3    | Noticed a Brimstone Fiend
 42698 | Elf:3    | Received a gift from Trog
 43294 | Elf:3    | Reached XP level 20. HP: 109/168 MP: 8/25
 43324 | Elf:3    | Reached skill level 20 in Dodging
 43854 | Elf:3    | Identified the +4 dagger of the Dove {pain, MR+ SInv} (You
                  | found it on level 3 of the Elven Halls)
 44250 | Elf:2    | Killed Roxanne
 44493 | D:14     | Bought the ring "Enuw Vio" {rC+ Str+4 Int+2} for 713 gold
                  | pieces
 44578 | D:13     | Upgraded the game from 0.23-a0-315-ga85b81c to
                  | 0.23-a0-319-gb40ba49
 44601 | Vaults:1 | Entered Level 1 of the Vaults
 44848 | Vaults:1 | You fall through a shaft!
 44921 | Vaults:1 | Received a gift from Trog
 45099 | Vaults:1 | Got a faintly humming robe
 45675 | Vaults:1 | Received a gift from Trog
 45774 | Vaults:1 | Found Qeomp's General Store.
 45782 | Vaults:1 | Bought a scroll of identify for 24 gold pieces
 45782 | Vaults:1 | Bought a scroll of silence for 90 gold pieces
 45785 | Vaults:1 | Identified the cursed +0 robe of Imye {rElec MR- SInv} (You
                  | found it on level 1 of the Vaults)
 46076 | Vaults:2 | Reached skill level 10 in Armour
 46602 | Vaults:2 | Reached skill level 21 in Dodging
 47206 | Vaults:3 | Reached XP level 21. HP: 168/175 MP: 8/26
 47251 | Vaults:3 | Found Suxaos's Antique Weapon Boutique.
 47422 | Vaults:3 | Noticed Margery
 47473 | Vaults:3 | Killed Margery
 48178 | Vaults:3 | Received a gift from Trog
 48458 | Vaults:3 | Bought an encrusted long sword for 263 gold pieces
 48458 | Vaults:3 | Identified the +8 long sword of Dimuf {slice, rElec rF++}
                  | (You bought it in a shop on level 3 of the Vaults)
 49102 | Vaults:3 | Found a staircase to the Crypt.
 49208 | Vaults:4 | Noticed Mennas
 49296 | Vaults:4 | Got a fine steel ring
 49298 | Vaults:4 | Identified the ring of Sif Muna's Benevolence {-Tele +Inv
                  | +Fly rPois rF+ Stlth-} (You found it on level 4 of the
                  | Vaults)
 49892 | Vaults:4 | Found Temu's Magic Scroll Boutique.
 49900 | Vaults:4 | Bought a scroll of magic mapping for 49 gold pieces
 49900 | Vaults:4 | Bought a scroll of enchant weapon for 105 gold pieces
 49900 | Vaults:4 | Bought a scroll of teleportation for 42 gold pieces
 49900 | Vaults:4 | Bought a scroll of silence for 105 gold pieces
 49900 | Vaults:4 | Bought a scroll of acquirement for 728 gold pieces
 49910 | Vaults:4 | Got a pair of brightly glowing gloves
 49928 | Vaults:4 | Identified the +0 pair of gloves "Boevahad" {Int+5} (You
                  | acquired it on level 4 of the Vaults)
 50413 | Vaults:4 | Received a gift from Trog
 50413 | Vaults:4 | Reached skill level 22 in Dodging
 51342 | Depths:1 | Entered Level 1 of the Depths
 51679 | Depths:1 | Reached XP level 22. HP: 177/184 MP: 9/27
 52546 | Depths:1 | Found Ecricukh's Antique Armour Shoppe.
 52548 | Depths:1 | Found Zymerac's Gadget Shoppe.
 52548 | Depths:1 | Found Wimoih's Assorted Antiques.
 52565 | Depths:1 | Found Muell's General Store.
 52596 | Depths:1 | Bought a scroll of teleportation for 144 gold pieces
 52599 | Depths:1 | Bought a scroll of teleportation for 60 gold pieces
 52599 | Depths:1 | Bought a potion of curing for 60 gold pieces
 53002 | Depths:1 | Found a gateway to Hell.
 53209 | Depths:2 | Received a gift from Trog
 53881 | Depths:1 | HP: 9/185 [cyan very ugly thing (19)]
 53883 | Depths:1 | Mangled by a cyan very ugly thing

Vault maps used:
D:1:      psy_arrival_basics
D:2:      dk_yredelemnul_ordeal, uniq_terence, uniq_natasha
D:4:      serial_rivers, chequers_serial_rivers_small_a,
          chequers_serial_rivers_small_b, chequers_serial_rivers_room_a,
          chequers_serial_rivers_micro_b, chequers_serial_rivers_small_b,
          chequers_serial_rivers_small_a, first_ration, skrybe_limestone_x
D:5:      st_stairs_4
D:6:      lemuel_coloured_pillars_altar, enter_ossuary_2,
          minmay_strange_pillars, trog_butcher_becter
D:7:      lemuel_doored_altar, nicolae_gozag_seed_capital,
          minmay_temple_entry_statues_fountains, uniq_duvessa
D:8:      overflow_temple_1_default
D:10:     orc_david_3, uniq_erica
D:11:     lair_entry_dummy, basic_altar, uniq_fannar
D:12:     lab_entry_generic
D:13:     lightli_vaults_fourway_checkpoint, hangedman_pestilent_swarm,
          grunt_ministairs_11
D:14:     serial_shops, nicolae_shop_behind_doors, chequers_big_river,
          basic_altar, ice2_lemuel
D:15:     grunt_enter_depths_hoard, bh_walls_and_bars
Lair:1:   basic_altar, chequers_serial_rivers_small_3, grunt_megastairs_1
Lair:2:   minmay_shoals_entry_hut, uniq_harold
Lair:4:   minmay_snake_entry_guardpost_medium, basic_altar, grunt_megastairs_4
Lair:5:   minmay_slime_entry_oklob_open, uniq_urug, uniq_snorg
Lair:6:   minmay_lair_end_frog_pond, infiniplex_staircase_pool,
          minmay_lair_oklob_chamber
Shoals:1: nicolae_shoals_so_close, uniq_kirke
Shoals:2: serial_shops, nicolae_shop_competitors_out_of_business
Shoals:3: gammafunk_ghost_arena
Shoals:4: shoals_end_simple
Snake:1:  spider_trap
Snake:2:  uniq_nikola, uniq_saint_roka
Snake:4:  grunt_snake_rune_serpentine_throne, serial_shops, shop_coins, shop,
          shop, nicolae_large_snake_swirl, uniq_vashnia
Orc:1:    nicolae_volcano_entry_s_turn, portal_ice_cave_entry_imps,
          nicolae_orc_bridge_out
Orc:2:    grunt_orc_cross
Elf:1:    minmay_elf_arrival_circle, gammafunk_ghost_fury_of_okawaru,
          serial_shops, bzr_entry_lakeside, minivault_28
Elf:2:    serial_shops, shop, uniq_agnes, uniq_roxanne
Elf:3:    minmay_elf_hall_four_x, serial_shops, shop,
          serial_sigils_hangedman_gut, evilmike_spriggan_trog_shrine
Vaults:1: v_alt_pattern_5, vaults_room_fours, ontoclasm_vaults_fault,
          dpeg_vaults_monster_box, nicolae_vaults_windows_and_doors_thing,
          nicolae_vaults_little_squares_5, v_alt_pattern_6,
          ontoclasm_vaults_loading_screen, v_pattern_5,
          vaults_mumra_chevron_long, v_alt_pattern_3, v_misc_24, serial_shops,
          shop
Vaults:2: hangedman_vaults_stagger, nicolae_vaults_rhombus_7,
          vaults_dpeg_diagonal, vaults_room_ringed_pool,
          vaults_dpeg_encased_lava, v_misc_32, ontoclasm_vaults_loading_screen,
          nicolae_vaults_asterisk, v_misc_1, hangedman_vaults_corner_blocks,
          v_misc_23, v_alt_pattern_2, vaults_room_fours
Vaults:3: hangedman_vaults_nodes, nicolae_vaults_network_barrier, v_misc_4,
          v_misc_8, minmay_crypt_entry_simple_walls, vaults_room_door_ring,
          nicolae_vaults_specimen_jars, ontoclasm_vaults_chip,
          nicolae_vaults_ring_of_whatevers, serial_shops,
          nicolae_shop_overgrown_old_shop, uniq_margery
Vaults:4: v_misc_24, hangedman_vaults_cutoff, vaults_mumra_lcd,
          nicolae_vaults_little_squares_4, nicolae_vaults_minivaults, v_misc_31,
          nicolae_vaults_network_periphery, hangedman_vaults_corner_blocks,
          vaults_dpeg_hooks, ontoclasm_vaults_ring_large, v_misc_10,
          serial_shops, shop, uniq_mennas
Depths:1: pf_hell_entry_great_geh, hex_intersection, grunt_ministairs_9,
          kennysheep_generic_room_7, serial_bayou_shore_b, minmay_shoptagon,
          serial_bayou_shore_a
Depths:2: gold_lair_mu, hangedman_coc_ice_floe, roderic_lattice_a
Lab:      nicolae_lab_do_over, labyrinth_skeletal_remains, nicolae_lab_statue,
          nicolae_lab_quarters, nicolae_lab_starburst, lab_hedge,
          nicolae_lab_grate_2
Bazaar:   bazaar_long_row
Ossuary:  ossuary_zaba_flooded
IceCv:    ice_cave_tombish
Volcano:  volcano_lake

Skill      XL: |  1  2  3  4  5  6  7  8  9 10 11 12 13 14 15 16 17 18 19 20 21 |
---------------+----------------------------------------------------------------+-----
Fighting       | 2 3 4 5 6 7 9 11 12 13 14 15 16 17 18 | 18.4
Long Blades    | 4 5 6 8 10 11 13 14 15 16 | 16.0
Armour         | 3 6 7 8 9 10 11 | 11.7
Dodging        | 6 8 10 12 13 15 16 18 19 21 22 | 22.8
Shields        | 3 4 6 8 9 |  9.0
Stealth        | 5 8 11 13 14 16 18 19 21 | 21.6
Evocations     | 1 4 6 7 |  7.0
Throwing       | |  1.5

Action                   |  1- 3 |  4- 6 |  7- 9 | 10-12 | 13-15 | 16-18 | 19-21 | 22-24 || total
-------------------------+-------+-------+-------+-------+-------+-------+-------+-------++-------
Melee: Long sword        |    53 |   130 |   311 |       |       |       |    19 |       ||   513
       Bite              |    12 |    25 |    91 |   110 |   273 |   401 |   376 |    94 ||  1382
       Dagger            |    15 |       |       |       |    12 |    14 |    27 |     6 ||    74
       Scimitar          |       |       |   298 |   701 |  1371 |  1144 |       |       ||  3514
       Falchion          |       |       |       |       |     2 |       |       |       ||     2
       Staff             |       |       |       |       |     6 |       |       |       ||     6
       Double sword      |       |       |       |       |       |   897 |  1863 |   462 ||  3222
Throw: Throwing net      |     6 |       |       |       |       |       |       |       ||     6
       Javelin           |       |     6 |     8 |     6 |     3 |       |       |       ||    23
Invok: Berserk           |       |       |       |    27 |    20 |    20 |     8 |       ||    75
       Trog's Hand       |       |       |       |     3 |     6 |     4 |     4 |     1 ||    18
       Brothers in Arms  |       |       |       |       |    13 |    18 |    10 |     2 ||    43
 Abil: End Transformatio |     2 |     1 |     1 |     2 |     7 |       |       |       ||    13
       Bat Form          |     2 |     1 |     1 |     2 |     7 |       |       |       ||    13
       Evoke Flight      |       |       |       |       |       |    15 |       |       ||    15
       Stop Flying       |       |       |       |       |       |     1 |     1 |       ||     2
Evoke: Wand              |       |       |     6 |     2 |    29 |    48 |     8 |       ||    93
       Phial of floods   |       |       |       |       |     2 |       |       |     1 ||     3
       Lamp of fire      |       |       |       |       |       |     1 |     3 |       ||     4
       Lightning rod     |       |       |       |       |       |       |     4 |       ||     4
  Use: Potion            |       |    12 |    18 |    53 |    67 |   101 |    77 |    13 ||   341
       Scroll            |       |     8 |     7 |     6 |    24 |    15 |    26 |       ||    86
 Stab: Held in net/web   |     2 |       |       |       |       |       |       |       ||     2
       Distracted        |       |       |       |       |    10 |    16 |    17 |     2 ||    45
       Sleeping          |       |       |       |       |    26 |    21 |    45 |     7 ||    99
       Confused          |       |       |       |       |       |       |     1 |       ||     1
Armor: Leather armour    |     5 |       |       |       |       |       |       |       ||     5
       Ring mail         |    13 |    31 |   149 |   184 |   223 |   382 |   256 |    85 ||  1323
       Skin              |       |       |       |    12 |       |       |       |       ||    12
       Chain mail        |       |       |       |       |     9 |       |       |       ||     9
Dodge: Dodged            |    27 |    61 |   218 |   281 |   868 |  1177 |  1000 |   293 ||  3925
       Deflected         |       |       |       |       |       |       |    18 |    11 ||    29
Block: Buckler           |       |    21 |    88 |    83 |   322 |   437 |       |       ||   951
       Reflection        |       |       |       |       |     4 |    98 |    75 |    11 ||   188
       Shield            |       |       |       |       |       |   463 |   973 |   298 ||  1734
       Rpst.: Long sword |     9 |    14 |    37 |       |       |       |     3 |       ||    63
       Scimitar          |       |       |    26 |   100 |   211 |   141 |       |       ||   478
       Falchion          |       |       |       |       |     1 |       |       |       ||     1
       Double sword      |       |       |       |       |       |    84 |   200 |    37 ||   321

Table legend:
 A = Non-vault XP
 B = Vault XP
 C = Vault XP percentage of total XP
 D = Non-vault monster count
 E = Vault monster count
 F = Vault count percentage of total count
                 A         B        C        D         E       F
            +---------+---------+-------+---------+---------+-------
      Total |  431578 |  339816 |  44.1 |    1158 |     613 |  34.6
            +---------+---------+-------+---------+---------+-------
        D:1 |      23 |       0 |   0.0 |      15 |       0 |   0.0
        D:2 |      51 |      72 |  58.5 |       6 |       3 |  33.3
        D:3 |     324 |       0 |   0.0 |      20 |       0 |   0.0
        D:4 |     579 |       0 |   0.0 |      15 |       0 |   0.0
        D:5 |     542 |      64 |  10.6 |      10 |       2 |  16.7
        D:6 |     553 |     243 |  30.5 |      17 |       4 |  19.0
        D:7 |    1375 |     230 |  14.3 |      28 |       2 |   6.7
        D:8 |    1608 |       0 |   0.0 |      31 |       0 |   0.0
        D:9 |    3212 |       0 |   0.0 |      28 |       0 |   0.0
       D:10 |    5658 |     933 |  14.2 |      43 |       6 |  12.2
       D:11 |    7160 |     976 |  12.0 |      45 |       1 |   2.2
       D:12 |    6553 |     154 |   2.3 |      20 |       1 |   4.8
       D:13 |    9734 |    6837 |  41.3 |      37 |      19 |  33.9
       D:14 |    7635 |    2657 |  25.8 |      30 |      13 |  30.2
       D:15 |   13140 |    7722 |  37.0 |      23 |       8 |  25.8
     Lair:1 |    3151 |     157 |   4.7 |      10 |       1 |   9.1
     Lair:2 |    5497 |     766 |  12.2 |      21 |       2 |   8.7
     Lair:3 |    8547 |       0 |   0.0 |      32 |       0 |   0.0
     Lair:4 |    3977 |     999 |  20.1 |      18 |       5 |  21.7
     Lair:5 |    7555 |    1528 |  16.8 |      30 |       2 |   6.2
     Lair:6 |   13300 |   13338 |  50.1 |      44 |      47 |  51.6
   Shoals:1 |   15130 |    2482 |  14.1 |      31 |       3 |   8.8
   Shoals:2 |   14475 |       0 |   0.0 |      28 |       0 |   0.0
   Shoals:3 |   11387 |    4460 |  28.1 |      22 |      10 |  31.2
   Shoals:4 |    7680 |   22165 |  74.3 |      16 |      44 |  73.3
    Snake:1 |   14309 |    5147 |  26.5 |      28 |       1 |   3.4
    Snake:2 |   21776 |    5124 |  19.0 |      46 |      16 |  25.8
    Snake:3 |   16437 |     687 |   4.0 |      34 |       1 |   2.9
    Snake:4 |   11741 |   48023 |  80.4 |      23 |      66 |  74.2
      Orc:1 |    2929 |     443 |  13.1 |      34 |      14 |  29.2
      Orc:2 |    4552 |    7759 |  63.0 |      34 |      37 |  52.1
      Elf:1 |   14428 |   16863 |  53.9 |      23 |      26 |  53.1
      Elf:2 |   21768 |   22875 |  51.2 |      40 |      29 |  42.0
      Elf:3 |   19104 |   53289 |  73.6 |      35 |      44 |  55.7
   Vaults:1 |   24055 |   27908 |  53.7 |      55 |      45 |  45.0
   Vaults:2 |   16698 |   16364 |  49.5 |      30 |      23 |  43.4
   Vaults:3 |   35058 |   23812 |  40.4 |      50 |      26 |  34.2
   Vaults:4 |   15659 |   29846 |  65.6 |      21 |      31 |  59.6
   Depths:1 |   39265 |    2451 |   5.9 |      55 |       3 |   5.2
   Depths:2 |   23699 |    2261 |   8.7 |      29 |       4 |  12.1
        Lab |    1254 |     463 |  27.0 |       1 |       2 |  66.7
    Ossuary |       0 |    1024 | 100.0 |       0 |      36 | 100.0
      IceCv |       0 |    4010 | 100.0 |       0 |      19 | 100.0
    Volcano |       0 |    5684 | 100.0 |       0 |      17 | 100.0
            +---------+---------+-------+---------+---------+-------
